 Dungeon Crawl Stone Soup version 0.29-a0-330-g52719c12eb (webtiles) character file.

Game seed: 16288016423544718679

502 Aelig the Jinx (level 6, -5/32 HPs)
             Began as a Vampire Enchanter on May 20, 2022.
             Killed from afar by a steam dragon (20 damage)
             ... with a ball of steam
             ... on level 5 of the Dungeon.
             The game lasted 00:09:11 (4396 turns).

Aelig the Jinx (Vampire Enchanter)                  Turns: 4396, Time: 00:09:11

Health: -5/32      AC:  9    Str:  7    XL:     6   Next: 95%
Magic:  2/9        EV: 12    Int: 19    God:
Gold:   152        SH:  0    Dex: 15    Spells: 1/9 levels left

rFire   . . .      SeeInvis +   a - +1 dagger (elec)
rCold   + + .      Faith    .   (no shield)
rNeg    + + +      Spirit   .   s - +0 robe
rPois   ∞          Reflect  .   D - +2 helmet
rElec   .          Harm     .   x - +2 cloak
rCorr   .          Rampage  .   (no gloves)
Will    ++...                   j - +0 pair of boots
Stlth   +++++.....              (no amulet)
HPRegen 0.10/turn               k - ring of willpower
MPRegen 0.11/turn               y - ring of willpower

@: bloodless
A: bloodless, fangs 3, see invisible, vampiric 2
a: Bat Form, Revivify


You were on level 5 of the Dungeon.
You visited 1 branch of the dungeon, and saw 5 of its levels.

You collected 236 gold pieces.
You spent 84 gold pieces at shops.

Inventory:

Hand Weapons
 a - a +1 dagger of electrocution (weapon)
 b - a +0 rapier
Missiles
 i - 209 stones (quivered)
Armour
 j - a +0 pair of boots (worn)
 s - a +0 robe (worn)
 x - a +2 cloak (worn)
 D - a +2 helmet (worn)
Jewellery
 k - a ring of willpower (left hand)
 y - a ring of willpower (right hand)
Wands
 E - a wand of flame (4)
Scrolls
 d - 2 scrolls of enchant weapon {unknown}
 e - a scroll of fear {unknown}
 f - a scroll of silence {unknown}
 g - 2 scrolls of teleportation
 l - 4 scrolls of noise {unknown}
 n - a scroll of vulnerability {unknown}
 p - 3 scrolls of identify
 q - 3 scrolls of amnesia
 v - 3 scrolls of brand weapon
 z - 2 scrolls of enchant armour {unknown}
 B - 2 scrolls of immolation {unknown}
Potions
 c - 2 potions of invisibility
 h - 3 potions of might {unknown}
 m - a potion of attraction {unknown}
 o - 2 potions of curing {unknown}
 r - a potion of mutation {unknown}
 t - 2 potions of brilliance {unknown}
 u - 2 potions of degeneration {unknown}
 w - a potion of flight {unknown}
 A - a potion of lignification {unknown}
 C - 2 potions of cancellation {unknown}


   Skills:
 + Level 4.5 Short Blades
 - Level 2.1 Dodging
 - Level 4.4 Stealth
 - Level 2.0 Spellcasting
 * Level 9.7 Hexes


You had one spell level left.
You knew the following spells:

 Your Spells              Type           Power      Damage    Failure   Level
a - Ensorcelled Hibernat  Hex/Ice        40%        N/A       3%          2
b - Confusing Touch       Hex            38%        N/A       1%          3
c - Tukima's Dance        Hex            38%        N/A       1%          3

Your spell library contained the following spells:

 Spells                   Type           Power      Damage    Failure   Level
 Dazzling Flash           Conj/Hex       40%        N/A       7%          3
 Passwall                 Tmut/Erth      0%         N/A       26%         2
 Swiftness                Air            1%         N/A       45%         3


Dungeon Overview and Level Annotations

Branches:
Dungeon (5/15)
 Temple: D:4-7

Altars:

Shops:
D:3 *   D:4 ?

Annotations:
D:5 4 runed translucent doors


Innate Abilities, Weirdness & Mutations

You do not regenerate when monsters are visible.
You are frail without blood (-20% HP).
You can heal yourself when you bite living creatures.
You are immune to poison.
You have razor-sharp teeth.
You have supernaturally acute eyesight. (SInv)
You are afflicted with vampirism and can become a bat while bloodless.


Message History

Found an escape hatch in the floor.
i - 209 stones (gained 28)
A steam dragon comes into view.
Found a cloak.
Found a stone staircase leading down.
A steam dragon is nearby!
Unknown command.
The steam dragon hisses angrily.
Casting: Confusing Touch (safe; 1% risk of failure)
Confirm with . or Enter, or press ? or * to list all spells.
Aiming: Ensorcelled Hibernation (safe; 3% risk of failure)
Press: ? - help, Shift-Dir - straight line, f - steam dragon
Aim: a steam dragon (chance to affect: 52%)
The steam dragon resists with significant effort.
Casting: Ensorcelled Hibernation (safe; 3% risk of failure)
Confirm with . or Enter, or press ? or * to list all spells.
Aiming: Ensorcelled Hibernation (safe; 3% risk of failure)
Press: ? - help, Shift-Dir - straight line, f/p - steam dragon
Aim: a steam dragon (chance to affect: 52%)
The steam dragon resists with significant effort.
Casting: Ensorcelled Hibernation (safe; 3% risk of failure)
Confirm with . or Enter, or press ? or * to list all spells.
Aiming: Ensorcelled Hibernation (safe; 3% risk of failure)
Press: ? - help, Shift-Dir - straight line, f/p - steam dragon
Aim: a steam dragon (chance to affect: 52%)
The steam dragon resists with significant effort.
Casting: Ensorcelled Hibernation (safe; 3% risk of failure)
Confirm with . or Enter, or press ? or * to list all spells.
Aiming: Ensorcelled Hibernation (safe; 3% risk of failure)
Press: ? - help, Shift-Dir - straight line, f/p - steam dragon
Aim: a steam dragon (chance to affect: 52%)
The steam dragon resists with significant effort.
The steam dragon breathes steam at you. The ball of steam misses you.
The steam dragon breathes steam at you. The ball of steam hits you!
You are engulfed in a cloud of scalding steam.
The steam dragon breathes steam at you. The ball of steam hits you!!
Ouch! That really hurt!
You die...

*,,,,.................##..#*,*,,,
,,,,,..........###........#*,,,,,
,,,,,...........##........#,,,*,,
,,,,,.............).........,***,
,,,,,.........D.............,****
,,,,,.........§§............**,**
..........###§.§............,,,,*
..........###.§§§...............#
.....###....§§.§@§.....##...,....
.....#.#......##§.....####..##...
...............§§§...............
........##...........###........#
.......####.......##.##...#*#....
.##....#.>........#####..####..#.
..#................#......#......
#...........##..................#
.............##..........#.....##


There were no monsters in sight!

Vanquished Creatures
  A bullfrog (D:4)
  5 killer bees
  A hound (D:5)
  Jessica (D:2)
  An iguana (D:5)
  3 adders
  A shadow imp (D:5)
  An ufetubus (D:5)
  5 worms
  3 dart slugs (D:1)
  2 orcs (D:5)
  4 ball pythons
  5 endoplasms
  4 giant cockroaches
  8 goblins
  4 hobgoblins
  9 jackals
  3 kobolds
  4 quokkas
  3 bats
  6 frilled lizards
  3 rats
77 creatures vanquished.

Notes
Turn   | Place    | Note
-------+----------+-------------------------------------------
     0 | D:1      | Aelig the Vampire Enchanter began the quest for the Orb.
     0 | D:1      | Reached XP level 1. HP: 13/13 MP: 3/3
     9 | D:1      | Found a faded altar of an unknown god.
   167 | D:1      | Reached skill level 5 in Hexes
   167 | D:1      | Reached XP level 2. HP: 19/19 MP: 5/5
   170 | D:1      | Learned a level 2 spell: Ensorcelled Hibernation
  1128 | D:2      | Gained mutation: You are afflicted with vampirism and can
                  | become a bat while bloodless. [Vampire growth]
  1128 | D:2      | Reached XP level 3. HP: 23/24 MP: 3/6
  1146 | D:2      | Learned a level 3 spell: Confusing Touch
  1323 | D:2      | Noticed Jessica
  1353 | D:2      | Killed Jessica
  1354 | D:2      | Reached skill level 6 in Hexes
  1415 | D:2      | Reached XP level 4. HP: 30/30 MP: 0/7
  2136 | D:3      | Reached skill level 7 in Hexes
  2143 | D:3      | You fall into a shaft and drop 2 floors!
  2143 | D:5      | Entered Level 5 of the Dungeon
  2184 | D:5      | Reached XP level 5. HP: 35/35 MP: 2/8
  2269 | D:4      | Found Herit's Magic Scroll Shoppe.
  2288 | D:4      | Bought a scroll of teleportation for 42 gold pieces
  2288 | D:4      | Bought a scroll of teleportation for 42 gold pieces
  2665 | D:3      | Found Mixza's Assorted Antiques.
  3122 | D:4      | Reached skill level 8 in Hexes
  3410 | D:4      | Learned a level 3 spell: Tukima's Dance
  3451 | D:5      | Reached XP level 6. HP: 32/32 MP: 4/9
  3466 | D:4      | Reached skill level 9 in Hexes
  3770 | D:5      | Found a large runed translucent door.
  3770 | D:5      | Found a large runed translucent door.
  3773 | D:5      | Noticed a yak
  3773 | D:5      | Noticed a shadow
  3782 | D:5      | Found a large runed translucent door.
  3782 | D:5      | Found a large runed translucent door.
  3825 | D:5      | Noticed a shadow
  4382 | D:5      | Noticed a steam dragon
  4396 | D:5      | Killed from afar by a steam dragon

Illustrated notes

Levels and vault maps discovered:
D:1:      saegor_arrival_simple_e, layout_loops_corners, basic_ecumenical_altar,
          minmay_box_of_dots
D:2:      layout_loops_cross, grunt_ministairs_9, uniq_jessica
D:3:      layout_basic, serial_shops, shop
D:4:      layout_basic, serial_shops, shop_scrolls
D:5:      dreamdust_elfheim, layout_cave_pools, serial_shops, shop,
          hangedman_decor_push, amcnicky_mini_corridor_feature,
          minmay_hollow_rounded_squares

Skill      XL: |  1  2  3  4  5  6 |
---------------+-------------------+-----
Hexes          | 5 6 7 8 9 |  9.7
Short Blades   | 2 3 4 |  4.5
Dodging        | |  2.1
Stealth        | |  4.4
Spellcasting   | |  2.0

Action                   |  1- 3 |  4- 6 || total
-------------------------+-------+-------++-------
Melee: Dagger            |    82 |   136 ||   218
       Bite              |     2 |    16 ||    18
       Punch             |       |     2 ||     2
 Cast: Ensorcelled Hiber |    14 |    15 ||    29
       Confusing Touch   |       |     2 ||     2
 Abil: Exsanguinate      |       |     1 ||     1
  Use: Scroll            |       |     4 ||     4
 Stab: Sleeping          |    14 |    18 ||    32
       Confused          |       |     2 ||     2
Armor: Robe              |     6 |    40 ||    46
Dodge: Dodged            |    40 |    64 ||   104

Table legend: (Time is in decaauts)
 A = Elapsed time spent in this place.
 B = Non-inter-level travel time spent in this place.
 C = Inter-level travel time spent in this place.
 D = Time resting spent in this place.
 E = Time spent auto-exploring this place.
 F = Levels seen in this place.
 G = Mean time per level.
                   A        B        C        D        E       F      G
               +--------+--------+--------+--------+--------+-----+--------+
         Total |   4369 |   4204 |    165 |    911 |   2243 |   5 |  873.8 |
       Dungeon |   4369 |   4204 |    165 |    911 |   2243 |   5 |  873.8 |
               +--------+--------+--------+--------+--------+-----+--------+

Top non-repeatable levels by time:
     D:1: 1075 daAuts
     D:4: 993 daAuts
     D:2: 933 daAuts
     D:3: 771 daAuts
     D:5: 595 daAuts
